 Dungeon Crawl Stone Soup version 0.31.0-32-g396128a36d (webtiles) character file.

Game seed: 3336422355538272898

190 PaiMei the Grave Robber (level 5, -4/35 HPs)
             Began as a Demonspawn Necromancer on Apr 11, 2024.
             Killed by divine providence
             ... invoked by an orc priest
              (11 damage)
             ... on level 3 of the Dungeon.
             The game lasted 00:03:40 (3367 turns).

PaiMei the Grave Robber (Demonspawn Necromancer)    Turns: 3367, Time: 00:03:41

Health: -4/35      AC:  4    Str:  8    XL:     5   Next: 41%
Magic:  7/9        EV: 12    Int: 18    God:
Gold:   124        SH:  0    Dex: 13    Spells: 2/10 levels left

rFire   . . .        k - +0 hand axe
rCold   . . .        (no shield)
rNeg    . . .        a - +0 robe
rPois   .            (no helmet)
rElec   .            (no cloak)
rCorr   .            (no gloves)
SInv    .            (no boots)
Will    .....        (no amulet)
Stlth   +            (no ring)
HPRegen 0.25/turn    (no ring)
MPRegen 0.11/turn

%: no passive effects
@: confused
A: hooves 2, molten scales 1
a: no special abilities


You were on level 3 of the Dungeon.
You visited 1 branch of the dungeon, and saw 3 of its levels.

You collected 124 gold pieces.

Inventory:

Hand Weapons
 f - a +0 dagger
 k - a +0 hand axe (weapon)
Missiles
 j - 7 poisoned darts (quivered)
Armour
 a - a +0 robe (worn)
Jewellery
 g - a ring of flight
 t - an amulet of faith
Wands
 o - a wand of flame (19)
Scrolls
 e - 3 scrolls of identify {unknown}
 i - a scroll of poison {unknown}
 l - a scroll of enchant armour {unknown}
 m - a scroll of noise {unknown}
 p - 2 scrolls of fear {unknown}
Potions
 b - a potion of magic
 c - a potion of curing {unknown}
 d - 2 potions of mutation {unknown}
 h - a potion of lignification {unknown}
 n - a potion of berserk rage {unknown}
 q - a potion of haste {unknown}
 r - a potion of enlightenment {unknown}
 s - a potion of brilliance {unknown}


   Skills:
 + Level 0.2 Fighting
 + Level 3.0 Dodging
 - Level 3.1 Stealth
 + Level 3.0 Spellcasting
 + Level 5.3 Necromancy


You had 2 spell levels left.
You knew the following spells:

 Your Spells              Type           Power      Damage    Failure   Level
a - Necrotise             Necr           84%        1d8       1%          1
b - Vampiric Draining     Necr           21%        2d7       5%          3
c - Animate Dead          Necr           21%        N/A       19%         4

Your spell library contained the following spells:

 Spells                   Type           Power      Damage    Failure   Level
 Curse of Agony           Necr           21%        N/A       45%         5


Dungeon Overview and Level Annotations

Branches:
Dungeon (3/15)

Altars:

Annotations:
D:2 1 runed translucent door, Crazy Yiuf


Innate Abilities, Weirdness & Mutations

You have hoof-like feet.
You are partially covered in molten scales. (AC +2)


Message History

You hit the orc but do no damage.
The orc priest miscasts a cantrip.
The orc hits you but does no damage. The orc hits you with a +0 mace.
Casting: Necrotise (safe; 1% risk of failure)
Confirm with . or Enter, or press ? or * to list all spells.
Aiming: Necrotise (safe; 1% risk of failure)
Press: ? - help, Shift-Dir - straight line, f/p - orc
Aim: an orc, wielding a +0 short sword (heavily wounded, chance to affect: 90%)
The orc writhes in agony!
You kill the orc!
The dead are walking!
The orc priest mumbles some strange prayers to Beogh against you.
Beogh smites you!
The orc hits your orc skeleton with a +0 short sword.
The orc barely misses you.
Casting: Necrotise (safe; 1% risk of failure)
Confirm with . or Enter, or press ? or * to list all spells.
Aiming: Necrotise (safe; 1% risk of failure)
Press: ? - help, Shift-Dir - straight line, f - orc, p - orc
Aim: an orc, wielding a +0 mace and wearing a +0 leather armour (lightly wounded, chance to affect: 90%)
The orc barely resists.
The orc hits your orc skeleton with a +0 short sword.
Your orc skeleton is destroyed!
The orc closely misses you.
You hit the orc. You kick the orc.
You kill the orc!
The orc priest calls upon Beogh to heal the orc.
The orc hits you with a +0 short sword.
Items here: $ ) [ †.
The dart slug launches a dart at you. The slug dart misses you.
A puff of flame appears from out of thin air!
The puff of flame hits you!
* * * LOW HITPOINT WARNING * * *
You are confused.
You enter the shallow water.
Moving in this stuff is going to be slow.
The orc priest calls down the wrath of Beogh upon you.
Beogh smites you!
You die...

....#.# ...
#.#.#######.##.... ..#.#.# #
#o#.........##..## #...#.#
#o########..###.. ....#.#
#w# #..# ##.. #.#.#.# #.#
#..# #. ..#.#.# #.# #..# .
.##.#.# ###.# #..# #
....#.#### #...########..#
.##.#....#####.#@..........#
)####.##..##≈~.≈~#..#.####.#
...(..####[≈≈≈~~≈~.##.## .#
.###†..##≈~≈≈≈~≈≈~~~#..# .#
.#.....#≈≈≈≈≈~..~≈≈≈≈#.# .#
.....##.~≈≈#≈...≈≈≈≈≈.## .#
#....##≈~≈#≈≈~♣.~≈≈≈~≈## .#
#....#~~≈≈≈≈≈≈♣≈~≈≈≈≈≈~# .#
#.....~≈~~#~~.♣.~~~≈≈≈~#


You could see an orc priest, a dart slug and an orc.

Vanquished Creatures
  A bullfrog (D:3)
  3 gnolls (D:3)
  2 adders
  10 dart slugs
  A ribbon worm (D:2)
  3 orcs (D:3)
  3 ball pythons
  6 endoplasms
  6 goblins
  2 hobgoblins (D:1)
  3 jackals (D:2)
  A quokka (D:2)
  4 bats
  3 kobolds
  3 rats (D:1)
51 creatures vanquished.

Vanquished Creatures (collateral kills)
  A jackal (D:2)
  A bat (D:2)
2 creatures vanquished.

Grand Total: 53 creatures vanquished

Notes
Turn   | Place    | Note
-------+----------+-------------------------------------------
     0 | D:1      | PaiMei the Demonspawn Necromancer began the quest for the
                  | Orb.
     0 | D:1      | Reached XP level 1. HP: 13/13 MP: 3/3
   290 | D:1      | Gained mutation: You have large cloven feet. [demonic
                  | ancestry]
   290 | D:1      | Reached XP level 2. HP: 18/19 MP: 0/5
   813 | D:2      | Gained mutation: You are partially covered in molten
                  | scales. (AC +2) [demonic ancestry]
   813 | D:2      | Reached XP level 3. HP: 24/24 MP: 1/6
  1881 | D:2      | Found a runed translucent door.
  1882 | D:2      | Noticed Crazy Yiuf
  2242 | D:3      | Gained mutation: You have hoof-like feet. [demonic
                  | ancestry]
  2242 | D:3      | Reached XP level 4. HP: 30/30 MP: 2/7
  2421 | D:3      | Reached skill level 5 in Necromancy
  2849 | D:3      | Noticed a bullfrog
  2921 | D:3      | Killed a bullfrog
  2922 | D:3      | Reached XP level 5. HP: 26/35 MP: 0/9
  3100 | D:3      | Learned a level 3 spell: Vampiric Draining
  3105 | D:3      | Learned a level 4 spell: Animate Dead
  3367 | D:3      | Killed from afar by an orc priest

Illustrated notes

Levels and vault maps discovered:
D:1:      minmay_arrival_pointy, layout_basic
D:2:      layout_rooms, uniq_crazy_yiuf_cottage
D:3:      kennysheep_slugbush, layout_basic

Skill      XL: |  1  2  3  4 |
---------------+-------------+-----
Stealth        | 2 3 |  3.1
Dodging        | 2 3 |  3.0
Necromancy     | 5 |  5.3
Spellcasting   | 3 |  3.0
Fighting       | |  0.2

Action                     |  1- 3 |  4- 6 || total
---------------------------+-------+-------++-------
  Melee: Unarmed           |     2 |       ||     2
         Dagger            |    19 |       ||    19
         Kick              |     7 |     1 ||     8
         Hand axe          |    12 |     4 ||    16
   Cast: Necrotise         |    64 |    50 ||   114
 Armour: Robe              |    27 |    16 ||    43
  Dodge: Dodged            |    41 |    21 ||    62
